Map: Cerulean Fall LE

Players

Serral - Winner!

  • Race: Terran Terran
  • League: Master
  • Spawn Location: 1:00

Enpo

  • Race: Protoss Protoss
  • League: Grandmaster
  • Spawn Location: 7:00

VOD

Have the link to the VOD?

Description

Time

  • Played on: Dec. 10, 2018, 10:26 a.m.
  • Length: 13:28
Show
View Real Time Build Order
Export as new Build Order

Serral Terran - Winner!

Build Orders: Cyclone Opening 

Get SALT Encoding   

  12  0:00  SCV  
  13  0:12  SCV  
  14  0:17  Supply Depot  
  14  0:24  SCV  
  15  0:38  SCV  
  15  0:40  Barracks  
  16  0:44  Refinery  
  16  0:50  SCV  
  17  0:57  Refinery  
  17  1:03  SCV  
  18  1:15  SCV  
  19  1:26  Reaper  
  19  1:27  Orbital Command  
  20  1:43  Factory  
  20  1:53  SCV  
  21  1:56  Supply Depot  
  21  2:05  SCV  
  22  2:17  SCV  
  23  2:24  Command Center  
  23  2:27  Factory Tech Lab  
  23  2:28  Barracks Reactor  
  23  2:29  SCV  
  24  2:35  Supply Depot  
  24  2:41  SCV  
  25  2:49  Cyclone  
  27  2:53  SCV  
  28  3:01  Starport  
  30  3:06  Mag-Field Accelerator  
  30  3:07  SCV  
  30  3:10  Marine  
  30  3:11  Marine  
  31  3:19  SCV  
  32  3:21  Cyclone  
  35  3:30  Marine x2  
  35  3:31  SCV  
  35  3:33  Liberator  
  38  3:38  Orbital Command  
  38  3:43  SCV  
  38  3:47  Marine  
  38  3:48  Marine  
  44  3:55  SCV  
  44  3:57  Supply Depot  
  45  4:03  SCV  
  45  4:07  Cyclone  
  45  4:08  SCV  
  45  4:09  Marine  
  50  4:11  Marine  
  50  4:15  SCV  
  53  4:17  Supply Depot  
  53  4:21  Engineering Bay  
  53  4:23  SCV  
  54  4:28  SCV  
  55  4:34  Medivac  
  55  4:35  SCV  
  58  4:40  SCV  
  63  4:45  Widow Mine  
  63  4:46  Marine, Widow Mine  
  62  4:58  SCV  
  56  5:03  Marine  
  56  5:11  Command Center  
  56  5:12  SCV  
  57  5:21  Marine  
  57  5:24  Barracks  
  57  5:26  Factory Tech Lab  
  57  5:28  Barracks, Stimpack  
  58  5:30  SCV x2  
  60  5:37  Terran Infantry Weapons Level 1  
  60  5:39  Marine  
  60  5:40  Supply Depot  
  61  5:45  Starport Reactor  
  61  5:51  SCV x2  
  63  5:58  Marine  
  63  6:02  Bunker  
  63  6:03  Factory Tech Lab  
  59  6:05  SCV x2  
  59  6:07  Supply Depot  
  61  6:11  Marine x2  
  61  6:17  Marauder  
  65  6:19  SCV x2  
  65  6:21  Marauder  
  65  6:22  Refinery x2, Medivac  
  65  6:23  Medivac  
  73  6:25  Concussive Shells  
  73  6:28  Orbital Command  
  73  6:31  SCV  
  74  6:35  SCV  
  74  6:36  Supply Depot  
  74  6:37  Marine x2  
  77  6:41  Marauder  
  77  6:43  Marauder, SCV  
  82  6:47  SCV  
  83  6:55  SCV  
  84  7:01  Supply Depot, SCV  
  84  7:02  SCV  
  84  7:04  Marine  
  84  7:05  Supply Depot, Marine, Marauder x2  
  84  7:07  SCV  
  84  7:08  Combat Shield  
  93  7:13  Factory Reactor  
  93  7:14  SCV x2  
  95  7:17  Barracks  
  95  7:20  Barracks, SCV  
  96  7:26  Marauder x2  
  96  7:27  Marine x2  
  96  7:29  Medivac x2  
  96  7:42  SCV x3  
  99  7:45  Supply Depot, Marine x2  
  99  7:46  Terran Infantry Armor Level 1  
  99  7:48  Marauder x2  
  99  7:49  Supply Depot  
  99  7:50  Widow Mine  
  99  7:51  Widow Mine  
  109  8:01  Refinery, SCV x3  
  109  8:02  Marine x2  
  114  8:07  Marauder  
  114  8:08  Barracks Reactor  
  114  8:09  Marauder x2  
  118  8:16  SCV x3  
  118  8:17  Supply Depot  
  118  8:19  Armory  
  117  8:20  Marine  
  117  8:23  Engineering Bay, Widow Mine x2  
  117  8:26  Marine  
  123  8:28  Marauder  
  123  8:30  Marauder x2  
  129  8:38  Marine  
  126  8:44  Marine  
  112  8:48  Medivac x2  
  112  8:49  Marine, Widow Mine x2  
  112  8:50  Marine, Marauder  
  112  8:52  Marauder x2  
  128  8:56  Marine  
  128  9:00  SCV x2  
  128  9:01  SCV  
  128  9:02  Marine  
  133  9:03  Supply Depot  
  133  9:08  Terran Infantry Weapons Level 2  
  133  9:11  Refinery, Marauder, Widow Mine x2  
  133  9:12  Marine, SCV  
  133  9:13  SCV x2, Marauder x2  
  144  9:25  SCV x3  
  147  9:32  Marauder  
  147  9:34  Viking x2  
  153  9:39  Command Center  
  153  9:41  Marauder x2  
  157  9:46  Terran Infantry Armor Level 2  
  157  9:54  Marine  
  157  9:59  Terran Ship Weapons Level 1  
  157  10:01  Supply Depot, Starport  
  157  10:02  Supply Depot x2  
  157  10:03  Marine, Marauder  
  160  10:14  Ghost Academy  
  160  10:15  SCV x2  
  160  10:16  SCV  
  160  10:21  Marine, Marauder  
  161  10:22  Marauder  
  153  10:32  Medivac x2  
  153  10:34  SCV x2  
  153  10:35  SCV  
  144  10:38  Marine x2, Marauder  
  148  10:43  Marauder x2  
  148  10:44  Viking  
  148  10:46  SCV  
  148  10:48  Viking  
  157  10:55  Planetary Fortress  
  153  11:00  Marine, Marauder  
  153  11:02  Viking x2  
  158  11:06  Marine  
  158  11:07  Marauder x2  
  152  11:13  Viking  
  152  11:18  Viking, Marine x3  
  157  11:22  Marauder  
  149  11:28  Refinery x2, Marauder  
  149  11:32  Viking x2  
  155  11:34  SCV x3  
  155  11:37  Command Center  
  158  11:43  Barracks  
  158  11:44  Barracks  
  158  11:49  Ghost x3  
  158  11:52  Marine x2  
  158  11:53  Marine x2  
  168  12:03  Supply Depot  
  168  12:04  Fusion Core  
  168  12:09  Starport Tech Lab  
  168  12:10  Marine x3  
  168  12:14  Marine  
  172  12:18  Marauder x2  
  172  12:19  Marauder  
  178  12:25  Liberator  
  178  12:26  Liberator  
  178  12:28  Marine x3  
  181  12:32  Marine  
  181  12:33  Barracks Tech Lab  
  181  12:34  Barracks Reactor  
  182  12:39  SCV  
  182  12:40  SCV x3, Marauder x3  
  198  12:46  Marine x2  
  200  12:55  Missile Turret x2  
  198  13:15  Command Center  
  198  13:17  Refinery  
  198  13:18  Refinery  
Show
View Real Time Build Order
Export as new Build Order

Enpo Protoss 

Build Orders: 1 Gate Expand, Colossus Rush 

Get SALT Encoding   

  12  0:00  Probe  
  13  0:12  Probe  
  14  0:18  Pylon  
  14  0:24  Probe  
  15  0:32  Probe  
  15  0:37  Gateway  
  15  0:40  Probe  
  16  0:46  Assimilator  
  17  0:51  Probe  
  18  1:03  Probe  
  19  1:15  Probe  
  20  1:24  Nexus  
  20  1:35  Cybernetics Core  
  20  1:36  Probe  
  21  1:43  Assimilator  
  21  1:52  Pylon  
  21  2:00  Probe  
  22  2:01  Stalker  
  22  2:05  Warp Gate  
  22  2:12  Probe  
  24  2:24  Probe  
  25  2:31  Stalker  
  25  2:36  Probe x2  
  29  2:48  Probe  
  30  2:52  Probe, Robotics Facility  
  30  2:56  Probe  
  31  3:00  Probe  
  31  3:04  Probe  
  35  3:10  Gateway, Probe  
  35  3:12  Gateway  
  34  3:14  Probe  
  36  3:22  Probe  
  36  3:23  Pylon  
  36  3:26  Probe  
  38  3:30  Warp Prism  
  38  3:34  Probe  
  38  3:38  Probe  
  42  3:46  Probe  
  43  3:50  Probe, Pylon  
  44  3:59  Probe  
  45  4:03  Probe  
  45  4:06  Assimilator, Observer  
  45  4:08  Stalker x3  
  53  4:13  Probe, Pylon  
  54  4:22  Probe  
  55  4:30  Probe  
  55  4:31  Stalker x3  
  58  4:33  Assimilator  
  62  4:38  Pylon  
  62  4:39  Probe  
  62  4:42  Probe  
  64  4:51  Probe  
  61  5:02  Stalker x3  
  65  5:07  Immortal  
  65  5:10  Robotics Bay  
  65  5:11  Twilight Council  
  63  5:17  Probe  
  66  5:25  Forge  
  66  5:31  Nexus  
  66  5:36  Probe x2  
  66  5:37  Stalker  
  70  5:43  Stalker  
  70  5:46  Stalker  
  70  5:48  Probe  
  75  5:54  Colossus  
  63  5:58  Probe  
  63  6:01  Extended Thermal Lance  
  62  6:05  Probe  
  62  6:08  Blink  
  62  6:09  Probe  
  69  6:13  Probe  
  71  6:22  Probe  
  71  6:24  Probe  
  71  6:25  Pylon  
  73  6:33  Protoss Ground Weapons Level 1, Probe  
  73  6:37  Probe  
  75  6:44  Probe  
  75  6:45  Probe, Observer  
  77  6:49  Probe  
  78  6:56  Photon Cannon  
  78  6:57  Stalker  
  78  7:00  Colossus  
  80  7:05  Zealot x2  
  80  7:06  Probe  
  91  7:17  Probe  
  92  7:29  Zealot x3  
  96  7:36  Probe  
  91  7:44  Warp Prism, Probe x2  
  89  7:48  Probe  
  89  7:50  Charge  
  90  7:56  Probe x2  
  94  8:02  Stalker x2  
  97  8:08  Probe x2  
  96  8:13  Zealot  
  96  8:19  Probe  
  98  8:30  Pylon  
  98  8:32  Pylon  
  98  8:33  Colossus  
  98  8:34  Templar Archives  
  88  8:50  Zealot x3  
  94  8:57  Probe  
  94  9:01  Gateway  
  95  9:03  Gateway, Assimilator  
  95  9:10  Probe  
  95  9:11  Gateway  
  95  9:12  Probe  
  95  9:14  Gateway  
  97  9:17  Probe  
  97  9:22  Probe, Zealot  
  101  9:25  Assimilator  
  101  9:36  High Templar x2  
  111  9:43  Probe  
  111  9:44  Zealot  
  114  9:48  Probe  
  115  9:53  Nexus  
  115  9:56  Pylon  
  115  9:58  Pylon  
  115  9:59  High Templar  
  117  10:04  Pylon  
  119  10:14  Probe x2  
  119  10:15  Archon  
  119  10:19  Zealot x6  
  99  10:30  Observer  
  99  10:33  Probe  
  96  10:40  Robotics Facility, Zealot x7  
  96  10:42  Robotics Facility  
  110  10:47  Templar Archives  
  110  10:48  Probe x2  
  112  10:56  Pylon  
  112  10:57  Assimilator  
  112  11:01  Assimilator  
  112  11:04  Zealot x3  
  90  11:12  Zealot  
  90  11:13  Zealot x3  
  90  11:16  Probe  
  87  11:27  Warp Prism  
  87  11:28  High Templar x2  
  87  11:29  High Templar  
  87  11:32  Archon  
  92  11:34  High Templar x4  
  101  11:40  Archon  
  101  11:41  Archon  
  101  11:45  Probe x2  
  103  11:57  Colossus, Nexus  
  103  12:01  Gateway  
  103  12:02  Gateway  
  103  12:04  Probe  
  103  12:05  Psionic Storm  
  103  12:08  Zealot x3  
  116  12:17  Probe  
  116  12:18  Probe  
  116  12:19  Probe  
  119  12:29  Probe  
  120  12:30  Probe  
  120  12:32  Probe  
  120  12:34  High Templar  
  120  12:35  High Templar  
  124  12:41  Probe  
  125  12:45  Pylon  
  125  12:53  Nexus  
  125  12:54  Archon  
  125  13:02  Pylon  
  131  13:08  Zealot  
Tags
 
Add a new tag
Caveats
  • Supply blocks, unpowered buildings, or Contaminate may cause inaccurate times.
  • Supply counts are checked every 10 seconds.